 Dungeon Crawl Stone Soup version 0.21-a0-450-gd87a9b27c2 (webtiles) character file.

217 LarsimusPrime the Chopper (level 5, 0/48 HPs)
             Began as a Hill Orc Monk on Nov 19, 2017.
             Slain by LarsimusPrime's ghost (4 damage)
             ... on level 3 of the Dungeon.
             The game lasted 00:07:13 (2103 turns).

LarsimusPrime the Chopper (Hill Orc Monk)           Turns: 2103, Time: 00:07:14

Health: 0/48       AC: 10    Str: 15    XL:     5   Next: 94%
Magic:  5/5        EV:  5    Int: 10    God:
Gold:   81         SH:  0    Dex: 13    Spells: 4/4 levels left

rFire    . . .     SeeInvis +   a - +0 hand axe
rCold    + . .     Gourm    .   (no shield)
rNeg     . . .     Faith    .   k - +0 plate armour
rPois    .         Spirit   .   (no helmet)
rElec    .         Reflect  .   (no cloak)
rCorr    .         Harm     .   (no gloves)
MR       .....                  (no boots)
Stlth    ..........             (no amulet)
HPRegen  0.16/turn              m - ring of see invisible
MPRegen  0.09/turn              q - ring of protection from cold

@: no status effects
A: no striking features
a: no special abilities


You were on level 3 of the Dungeon.
You were not hungry.

You visited 1 branch of the dungeon, and saw 3 of its levels.

You collected 81 gold pieces.

Inventory:

Hand Weapons
 a - a +0 hand axe (weapon)
Missiles
 r - 6 tomahawks (quivered)
Armour
 b - a +0 robe
 k - a +0 plate armour (worn)
 l - a +0 scale mail
Jewellery
 m - a ring of see invisible (left hand)
 q - a ring of protection from cold (right hand)
Scrolls
 d - 3 scrolls of identify {unknown}
 f - a scroll of fear {unknown}
 o - a scroll of immolation {unknown}
 t - a scroll of enchant weapon {unknown}
 u - a scroll of noise {unknown}
 v - a scroll of enchant armour {unknown}
 w - a scroll of fog {unknown}
Potions
 e - a potion of brilliance {unknown}
 j - a potion of might {unknown}
 n - a potion of cancellation {unknown}
 p - a potion of berserk rage {unknown}
 s - a potion of curing {unknown}
Comestibles
 c - a bread ration
 g - 2 meat rations
 h - 2 royal jellies
 i - 2 fruits
 x - 7 chunks of flesh


   Skills:
 + Level 5.5 Fighting
 + Level 6.6 Axes
 * Level 1.8 Armour
 - Level 2.4 Dodging
 - Level 1.5 Stealth


You had 4 spell levels left.
You didn't know any spells.

Dungeon Overview and Level Annotations

Branches:
Dungeon (3/15)

Altars:

Annotations:
D:3 LarsimusPrime's ghost, amateur HOMo


Message History

LarsimusPrime's ghost completely misses you.
You hit LarsimusPrime's ghost.
LarsimusPrime's ghost is heavily damaged.
LarsimusPrime's ghost ripples.
LarsimusPrime's ghost closely misses you.
Your plate armour prevents you from hitting LarsimusPrime's ghost.
LarsimusPrime's ghost is heavily damaged.
LarsimusPrime's ghost barely misses you.
You hit LarsimusPrime's ghost but do no damage.
LarsimusPrime's ghost is heavily damaged.
LarsimusPrime's ghost hits you.
* * * LOW HITPOINT WARNING * * *
You hit LarsimusPrime's ghost.
LarsimusPrime's ghost is heavily damaged.
LarsimusPrime's ghost hits you.
* * * LOW HITPOINT WARNING * * *
Your plate armour prevents you from hitting LarsimusPrime's ghost.
LarsimusPrime's ghost is heavily damaged.
LarsimusPrime's ghost hits you.
You die...

###################
...#..............
####.#.####...###.##
# #......#
#..........
#.##.##.###
##...###.##
#.....))# #..####.##
#.##.##.# #.......##
#.>$.W@)# ##.####...
#.##.##.# ##+# ####
# #. #.# ##...######
# #.# ##.....##...
..# ##.......#.##
.## #..........## .
+............ ..
#.........###
#.......##


You could see LarsimusPrime's ghost.

Vanquished Creatures
  A black bear (D:2)
  A jelly (D:2)
  An orc wizard (D:3)
  An adder (D:3)
  An ooze (D:1)
  A worm (D:2)
  4 orcs (D:3)
  4 giant cockroaches
  4 goblins
  7 hobgoblins
  8 jackals
  5 kobolds
  2 bats (D:2)
  2 frilled lizards
  5 rats (D:2)
47 creatures vanquished.

Notes
Turn   | Place    | Note
-------+----------+-------------------------------------------
     0 | D:1      | LarsimusPrime the Hill Orc Monk began the quest for the Orb.
     0 | D:1      | Reached XP level 1. HP: 19/19 MP: 1/1
   277 | D:1      | Reached XP level 2. HP: 19/27 MP: 2/2
   870 | D:2      | Noticed a black bear
   882 | D:2      | Killed a black bear
   882 | D:2      | Reached skill level 5 in Fighting
   882 | D:2      | Reached skill level 5 in Axes
   882 | D:2      | Reached XP level 3. HP: 3/36 MP: 3/3
   882 | D:2      | Reached XP level 4. HP: 4/42 MP: 4/4
  1146 | D:2      | Reached skill level 6 in Axes
  1177 | D:2      | Reached XP level 5. HP: 44/48 MP: 5/5
  1482 | D:2      | Reached skill level 1 in Armour
  2071 | D:3      | Noticed LarsimusPrime's ghost (amateur HOMo)
  2103 | D:3      | Slain by LarsimusPrime's ghost

Vault maps used:
D:1:      dpeg_arrival_simpleton_a, serial_curves, eino_curves_02,
          eino_curves_01
D:3:      evilmike_ruin_ashenzari, minmay_overflow_temple_star_quad, first_bread

Skill      XL: |  1  2  3  4  5 |
---------------+----------------+-----
Fighting       | 4 5 |  5.5
Axes           | 5 6 |  6.6
Armour         | 1 |  1.8
Dodging        | |  2.4
Stealth        | |  1.5

Action                   |  1- 3 |  4- 6 || total
-------------------------+-------+-------++-------
Melee: Hand axe          |    50 |   181 ||   231
 Stab: Sleeping          |     1 |     1 ||     2
  Eat: Chunk             |       |     4 ||     4
Armor: Robe              |     6 |     2 ||     8
       Scale mail        |       |    28 ||    28
       Plate armour      |       |    66 ||    66
Dodge: Dodged            |    39 |    81 ||   120

Table legend:
 A = Spawn XP
 B = Non-spawn XP
 C = Spawn XP percentage of total XP
 D = Spawn monster count
 E = Non-spawn monster count
 F = Spawn count percentage of total count
 G = Total turns spent on level
                    A         B        C        D         E        F      G
               +---------+---------+-------+---------+---------+-------+---------
         Total |       0 |     310 |   0.0 |       0 |      47 |   0.0 |  2103
               +---------+---------+-------+---------+---------+-------+---------
           D:1 |       0 |      23 |   0.0 |       0 |      10 |   0.0 |  1064
           D:2 |       0 |     214 |   0.0 |       0 |      27 |   0.0 |   597
           D:3 |       0 |      73 |   0.0 |       0 |      10 |   0.0 |   442
               +---------+---------+-------+---------+---------+-------+---------
